 Dungeon Crawl Stone Soup version 0.31.0-10-gcf4a605ca0 (webtiles) character file.

Game seed: 11714723323292816037

204 booth the Trooper (level 5, -1/43 HPs)
             Began as a Demonspawn Monk on Jan 25, 2024.
             Was an Initiate of Gozag.
             Slain by a gnoll
             ... wielding a +0 spear
              (8 damage)
             ... on level 4 of the Dungeon.
             The game lasted 00:18:21 (3050 turns).

booth the Trooper (Demonspawn Monk)                 Turns: 3050, Time: 00:18:21

Health: -1/43      AC:  5    Str: 14    XL:     5   Next: 52%
Magic:  5/5        EV: 13    Int: 10    God:    Gozag
Gold:   681        SH:  0    Dex: 15    Spells: 4/4 levels left

rFire   . . .        q - +0 hand axe (flame)
rCold   . . .        (no shield)
rNeg    . . .        g - +1 leather armour
rPois   .            j - +0 helmet
rElec   .            (no cloak)
rCorr   .            (no gloves)
SInv    .            (no boots)
Will    .....        (no amulet)
Stlth   +            (no ring)
HPRegen 0.27/turn    (no ring)
MPRegen 0.09/turn

%: no passive effects
@: confused, ambrosia-drunk, gold aura
A: claws 1
a: Renounce Religion, Potion Petition, Call Merchant, Bribe Branch


You were on level 4 of the Dungeon.
You worshipped Gozag.
Gozag was pleased with you.
You visited 1 branch of the dungeon, and saw 4 of its levels.

You collected 681 gold pieces.

Inventory:

Hand Weapons
 d - a +0 mace
 q - a +0 hand axe of flaming (weapon)
Missiles
 k - 2 javelins (quivered)
 m - 9 poisoned darts
Armour
 e - a +0 kite shield
 g - a +1 leather armour (worn)
 j - a +0 helmet (worn)
Wands
 p - a wand of iceblast (10)
Scrolls
 a - a scroll of silence {unknown}
 b - 3 scrolls of teleportation
 h - 3 scrolls of fog
 i - a scroll of immolation {unknown}
 n - a scroll of revelation {unknown}
Potions
 f - a potion of might
 l - a potion of lignification {unknown}
 o - a potion of degeneration {unknown}
 r - a potion of haste {unknown}


   Skills:
 + Level 4.4 Fighting
 + Level 3.9 Axes
 + Level 3.9 Dodging


You had 4 spell levels left.
You didn't know any spells.
Your spell library contained the following spells:

 Spells                   Type           Power      Damage    Failure   Level
 Sandblast                Erth           0%         2d4       43%         1
 Hailstorm                Conj/Ice       0%         3d5       82%         3
 Passwall                 Erth           0%         N/A       82%         3
 Stone Arrow              Conj/Erth      0%         3d7       82%         3
 Summon Ice Beast         Ice/Summ       0%         N/A       82%         3
 Brom's Barrelling Bould  Conj/Erth      0%         2d3       99%         4
 Sculpt Simulacrum        Ice/Alch       0%         N/A       100%        6


Dungeon Overview and Level Annotations

Branches:
Dungeon (4/15)
 Temple: D:4-7

Altars:
Gozag


Innate Abilities, Weirdness & Mutations

You have sharp fingernails.


Message History

You hit the gnoll. You burn the gnoll.
You kill the gnoll!
You hit the gnoll but do no damage. The gnoll closely misses you.
The gnoll hits you with a +0 spear.
There is a shaft, spattered with blood here.
Things that are here:
5 gold pieces; a +0 whip You closely miss the gnoll.
The gnoll is lightly wounded.
You barely miss the gnoll. The gnoll hits you with a +0 spear.
The gnoll completely misses you. The gnoll hits you with a +0 flail.
The gnoll hits you with a +0 spear. The gnoll hits you with a +0 flail!
The gnoll is distracted by your dazzling golden aura.
The gnoll shouts!
You hit the gnoll. You burn the gnoll.
The gnoll is lightly wounded.
You barely miss the gnoll.
The gnoll is no longer distracted by gold.
You hit the gnoll. You burn the gnoll. The gnoll misses you.
The gnoll hits you with a +0 flail. The gnoll hits you with a +0 spear.
You closely miss the gnoll.
The gnoll is lightly wounded.
You hit the gnoll. You burn the gnoll. You hit the gnoll. You burn the gnoll.
The gnoll hits you with a +0 spear. The gnoll misses you.
The gnoll hits you but does no damage.
You hit the gnoll. You burn the gnoll.
The gnoll is heavily wounded.
You hit the gnoll. You burn the gnoll. You closely miss the gnoll.
The gnoll hits you with a +0 spear. The gnoll closely misses you.
The gnoll hits you with a +0 spear. x2; The gnoll hits you with a +0 flail!
* * * LOW HITPOINT WARNING * * *
You hit the gnoll but do no damage.
The gnoll is almost dead.
You closely miss the gnoll. You hit the gnoll but do no damage.
The gnoll barely misses you. The gnoll misses you.
The gnoll closely misses you.
You are confused.
You feel invigorated. The gnoll hits you with a +0 spear!
You die...
Your body crumbles into a pile of gold.

#..<..# #.....#
#.....# #.....#
#.....+ .# #...).# .#
#.....# .# #....g# #.#
#...g@# ... #...g^###
#####... #.......#
#....... #.......#
#.......
#.......#######.......
######..........#'####
#..........#.....
#..........#.....
#..........#.....


You could see 3 gnolls.

Vanquished Creatures
  A scorpion (D:4)
  Robin (D:2)
  A gnoll (D:4)
  3 adders
  3 ribbon worms
  A dart slug (D:2)
  An orc (D:3)
  5 ball pythons
  5 endoplasms
  4 giant cockroaches
  19 goblins
  7 hobgoblins
  7 jackals
  3 quokkas
  5 bats (D:1)
  3 frilled lizards
  7 kobolds
  5 rats
81 creatures vanquished.

Notes
Turn   | Place    | Note
-------+----------+-------------------------------------------
     0 | D:1      | booth the Demonspawn Monk began the quest for the Orb.
     0 | D:1      | Reached XP level 1. HP: 18/18 MP: 1/1
    61 | D:1      | Found a faded altar of an unknown god.
    71 | D:1      | Prayed at the altar of an unknown god.
    71 | D:1      | Became a worshipper of Gozag Ym Sagoz the Greedy
   151 | D:1      | Gained mutation: You have sharp fingernails. [demonic
                  | ancestry]
   151 | D:1      | Reached XP level 2. HP: 23/24 MP: 2/2
   791 | D:1      | Reached XP level 3. HP: 28/29 MP: 3/3
  1044 | D:2      | Noticed Robin
  1085 | D:2      | Killed Robin
  1094 | D:2      | Reached XP level 4. HP: 30/37 MP: 4/4
  2132 | D:3      | Reached skill level 4 in Fighting
  2873 | D:4      | Noticed a scorpion
  2893 | D:4      | Killed a scorpion
  2894 | D:4      | Reached XP level 5. HP: 15/43 MP: 5/5
  3048 | D:4      | HP: 2/43 [gnoll/+0 flail (11)]
  3050 | D:4      | Slain by a gnoll

Illustrated notes

Levels and vault maps discovered:
D:1:      eino_arrival_cavern_b, layout_loops_corners, basic_ecumenical_altar
D:2:      layout_basic, bh_walls_and_bars, uniq_robin
D:3:      layout_basic
D:4:      layout_gridville, grunt_qazlal_sundering, kennysheep_crisscross,
          nicolae_nh_oracle_at_delphi

Skill      XL: |  1  2  3  4 |
---------------+-------------+-----
Axes           | 3 |  3.9
Dodging        | 3 |  3.9
Fighting       | 4 |  4.4

Action                     |  1- 3 |  4- 6 || total
---------------------------+-------+-------++-------
  Melee: Hand axe          |   102 |   169 ||   271
  Throw: Javelin           |     2 |       ||     2
    Use: Scroll            |     5 |     2 ||     7
         Potion            |       |     3 ||     3
   Stab: Distracted        |     1 |       ||     1
 Armour: Robe              |     7 |       ||     7
         Leather armour    |    40 |   111 ||   151
  Dodge: Dodged            |    55 |   131 ||   186
